 Dungeon Crawl Stone Soup version 0.23-a0-109-g5e4b187 (webtiles) character file.

203 Amnesiac the Gusty (level 5, -3/35 HPs)
             Began as a Mummy Air Elementalist on Aug 22, 2018.
             Shot with an arrow by a centaur (12 damage)
             ... on level 5 of the Dungeon.
             The game lasted 00:13:05 (2219 turns).

Amnesiac the Gusty (Mummy Air Elementalist)         Turns: 2219, Time: 00:13:05

Health: -3/35      AC:  4    Str: 11    XL:     5   Next: 51%
Magic:  10/11      EV: 12    Int: 16    God:
Gold:   149        SH:  0    Dex: 12    Spells: 10/13 levels left

rFire    x . .     SeeInvis .   (no weapon)
rCold    + . .     Gourm    .   (no shield)
rNeg     + + +     Faith    .   g - +0 robe (curse)
rPois    ∞         Spirit   .   c - +0 helmet
rElec    .         Reflect  .   (no cloak)
rCorr    .         Harm     .   e - +0 pair of gloves
MR       .....                  (no boots)
Stlth    ++........             (no amulet)
HPRegen  0.11/turn              (no ring)
MPRegen  0.12/turn              (no ring)

@: no status effects
A: no food or potions, fire vulnerability, cold resistance 1, negative energy
resistance 3, torment resistance, unbreathing
a: no special abilities


You were on level 5 of the Dungeon.
You were not hungry.

You visited 1 branch of the dungeon, and saw 5 of its levels.

You collected 149 gold pieces.

Inventory:

Hand Weapons
 f - a +0 spear
Armour
 c - a +0 helmet (worn)
 e - a +0 pair of gloves (worn)
 g - a cursed +0 robe (worn)
Jewellery
 a - an uncursed ring of see invisible {unknown}
Wands
 j - a wand of flame (13)
 l - a wand of digging (6)
Scrolls
 b - 2 scrolls of immolation {!r, unknown}
 d - 2 scrolls of fog {!r, unknown}
 h - 2 scrolls of identify {!r, unknown}
 i - 2 scrolls of magic mapping {!r, unknown}
 k - a scroll of enchant weapon {!r, unknown}
 m - a scroll of fear {!r, unknown}
 n - a scroll of remove curse {!r, unknown}


   Skills:
 - Level 1.5 Dodging
 - Level 1.5 Stealth
 + Level 4.5 Spellcasting
 - Level 0.7 Conjurations
 * Level 4.5 Air Magic


You had 10 spell levels left.
You knew the following spells:

 Your Spells              Type           Power        Failure   Level  Hunger
a - Shock                 Conj/Air       ##..         5%          1    N/A
z - Swiftness             Chrm/Air       ##......     10%         2    N/A

Your spell library contained the following spells:

 Spells                   Type           Power        Failure   Level  Hunger
 Static Discharge         Conj/Air       ##......     16%         3    N/A
 Airstrike                Air            ###.......   24%         4    N/A
 Lightning Bolt           Conj/Air       ##........   83%         5    N/A

Dungeon Overview and Level Annotations

Branches:
Dungeon (5/15)
 Temple: D:4-7

Altars:


Innate Abilities, Weirdness & Mutations

You do not eat or drink.
Your flesh is vulnerable to fire.
You are immune to poison.
Your flesh is cold resistant. (rC+)
You are immune to negative energy. (rN+++)
You are immune to unholy pain and torment.
You can survive without breathing.


Message History

You don't have any such object.
Wield which item (- for none, * to show all)? (? for menu, Esc to quit)
You don't have any such object.
Wield which item (- for none, * to show all)? (? for menu, Esc to quit)
You don't have any such object.
Wield which item (- for none, * to show all)? (? for menu, Esc to quit)
You don't have any such object.
Wield which item (- for none, * to show all)? (? for menu, Esc to quit)
You don't have any such object.
Wield which item (- for none, * to show all)? (? for menu, Esc to quit)
You don't have any such object.
Wield which item (- for none, * to show all)? (? for menu, Esc to quit)
You don't have any such object.
Wield which item (- for none, * to show all)? (? for menu, Esc to quit)
You don't have any such object.
Wield which item (- for none, * to show all)? (? for menu, Esc to quit)
You don't have any such object.
Wield which item (- for none, * to show all)? (? for menu, Esc to quit)
You don't have any such object.
Wield which item (- for none, * to show all)? (? for menu, Esc to quit)
You don't have any such object.
Wield which item (- for none, * to show all)? (? for menu, Esc to quit)
You don't have any such object.
Wield which item (- for none, * to show all)? (? for menu, Esc to quit)
You don't have any such object.
Wield which item (- for none, * to show all)? (? for menu, Esc to quit)
You don't have any such object.
Wield which item (- for none, * to show all)? (? for menu, Esc to quit)
You don't have any such object.
Wield which item (- for none, * to show all)? (? for menu, Esc to quit)
You don't have any such object.
Wield which item (- for none, * to show all)? (? for menu, Esc to quit)
You don't have any such object.
Wield which item (- for none, * to show all)? (? for menu, Esc to quit)
You don't have any such object.
Wield which item (- for none, * to show all)? (? for menu, Esc to quit)
You don't have any such object.
Wield which item (- for none, * to show all)? (? for menu, Esc to quit)
You don't have any such object.
Wield which item (- for none, * to show all)? (? for menu, Esc to quit)
You don't have any such object.
Wield which item (- for none, * to show all)? (? for menu, Esc to quit)
You don't have any such object.
Wield which item (- for none, * to show all)? (? for menu, Esc to quit)
You don't have any such object.
Wield which item (- for none, * to show all)? (? for menu, Esc to quit)
Huh?
Wield which item (- for none, * to show all)? (? for menu, Esc to quit)
Okay, then.
The centaur shoots an arrow.
The arrow misses you.
Casting: Shock (safe; 5% risk of failure)
Confirm with . or Enter, or press ? or * to list all spells.
Aiming: Shock (safe; 5% risk of failure)
Press: ? - help, Shift-Dir - straight line
Okay, then.
Unknown command.
Unknown command.
Unknown command.
The centaur shoots an arrow.
The arrow misses you.
You see here an arrow.
The centaur shoots an arrow.
The arrow hits you!
* * * LOW HITPOINT WARNING * * *
The centaur shoots an arrow.
The arrow hits you!
You die...

....###....(......#
#......###...####
#........(...####.#
#..###.####.)....#
#. #.## #..##..# .
#..###((# .#
#.....c<## . #
#.........###..#
#....###....Z@..#
##... #...###..#
#.###...:## .## #)
#.##.# .# . #. ##.
.# . .. ##


You could see a centaur and a quokka skeleton.

Vanquished Creatures
  A water moccasin (D:4)
  3 adders
  A shadow imp (D:4)
  A worm (D:2)
  2 dart slugs
  3 leopard geckos
  5 orcs
  4 giant cockroaches
  3 goblins
  4 hobgoblins
  2 jackals (D:2)
  5 kobolds
  2 quokkas
  3 ball pythons (D:2)
  2 bats (D:3)
  2 frilled lizards (D:2)
43 creatures vanquished.

Notes
Turn   | Place    | Note
-------+----------+-------------------------------------------
     0 | D:1      | Amnesiac the Mummy Air Elementalist began the quest for the Orb.
     0 | D:1      | Reached XP level 1. HP: 13/13 MP: 4/4
   206 | D:1      | Reached XP level 2. HP: 12/19 MP: 0/5
   210 | D:1      | Learned a level 2 spell: Swiftness
   950 | D:2      | Reached XP level 3. HP: 23/24 MP: 4/7
  1757 | D:3      | Reached XP level 4. HP: 26/30 MP: 5/9
  1849 | D:4      | Noticed a water moccasin
  1884 | D:4      | Killed a water moccasin
  1884 | D:4      | Reached XP level 5. HP: 11/35 MP: 0/11
  2195 | D:5      | Entered Level 5 of the Dungeon
  2195 | D:5      | Noticed a centaur
  2219 | D:5      | Shot with an arrow by a centaur

Vault maps used:
D:1:      lemuel_arrival_funnel, minmay_misc_feat_iff
D:2:      first_ration, minmay_tetromino_o2
D:4:      kennysheep_kobold_camp
D:5:      lemuel_doored_altar, serial_park_tiny_2

Skill      XL: |  1  2  3  4 |
---------------+-------------+-----
Air Magic      | 3 4 |  4.5
Spellcasting   | 3 4 |  4.5
Dodging        | |  1.5
Stealth        | |  1.5
Conjurations   | |  0.7

Action                   |  1- 3 |  4- 6 || total
-------------------------+-------+-------++-------
Melee: Unarmed           |    21 |       ||    21
       Spear             |     3 |       ||     3
 Cast: Shock             |    79 |    18 ||    97
       Swiftness         |     1 |       ||     1
Evoke: Wand              |       |    12 ||    12
Armor: Robe              |    16 |     8 ||    24
Dodge: Dodged            |    56 |    24 ||    80

Table legend:
 A = Non-vault XP
 B = Vault XP
 C = Vault XP percentage of total XP
 D = Non-vault monster count
 E = Vault monster count
 F = Vault count percentage of total count
                 A         B        C        D         E       F
            +---------+---------+-------+---------+---------+-------
      Total |     284 |       6 |   2.1 |      41 |       2 |   4.7
            +---------+---------+-------+---------+---------+-------
        D:1 |      12 |       0 |   0.0 |       6 |       0 |   0.0
        D:2 |      55 |       6 |   9.8 |      17 |       2 |  10.5
        D:3 |      39 |       0 |   0.0 |      13 |       0 |   0.0
        D:4 |     178 |       0 |   0.0 |       5 |       0 |   0.0
            +---------+---------+-------+---------+---------+-------
